[Event "Titled Tuesday Blitz April 25 Late 2023"]
[White "Musovic, Armin"]
[Black "Skibbe, Willi"]
[WhiteFideId "939935"]
[BlackFideId "4682190"]
[WhiteElo "2322"]
[BlackElo "2176"]
[Result "1-0"]
[Round "07"]
[TimeControl "180+2"]
[Date "2023.04.25"]
[WhiteClock "0:00:07"]
[BlackClock "0:00:02"]

1. e4 e6 2. d4 d5 3. Nd2 c5 4. Ngf3 cxd4 5. Nxd4 Nc6 6. Nxc6 bxc6 7. Bd3 Nf6 8. Qe2 Be7 9. O-O Nd7 10. c3 O-O 11. Re1 a5 12. exd5 cxd5 13. Nf3 Qb6 14. Be3 Bc5 15. Ng5 g6 16. Nxh7 Kxh7 17. Qh5+ Kg8 18. Bxg6 Nf6 19. Qg5 Bxe3 20. Rxe3 Qxe3 21. fxe3 fxg6 22. Qxg6+ Kh8 23. Rf1 Nh7 24. Rf7 Rxf7 25. Qxf7 a4 26. h4 a3 27. bxa3 Ba6 28. Qxe6 Bc4 29. e4 Rg8 30. Qe5+ Rg7 31. exd5 Nf8 32. d6 Kg8 33. h5 Be6 34. h6 Rg6 35. c4 Rxh6 36. c5 Bd7 37. Qd5+ Be6 38. Qd2 Bd7 39. Qxh6 Bc6 40. Qg5+ Kf7 41. Qe7+ Kg6 42. Qxf8 1-0


[Site "https://www.chess.com"]

[Event "Titled Tuesday Blitz April 25 Late 2023"]
[White "Novikov, Evgenij"]
[Black "Harish, Neeraj"]
[WhiteFideId "4125380"]
[BlackFideId "30958130"]
[WhiteElo "2242"]
[BlackElo "1965"]
[Result "1-0"]
[Round "07"]
[TimeControl "180+2"]
[Date "2023.04.25"]
[WhiteClock "0:00:04"]
[BlackClock "0:00:12"]

1. e4 e5 2. Nf3 Nc6 3. Bc4 Nf6 4. O-O Nxe4 5. Re1 d5 6. d4 exd4 7. Bxd5 Qxd5 8. Nc3 Qh5 9. Nxe4 Be6 10. Neg5 O-O-O 11. Nxe6 fxe6 12. Rxe6 Bd6 13. h3 Rhe8 14. Qe2 Ne5 15. Rxe8 Nxf3+ 16. Qxf3 Qxe8 17. Bd2 Qg6 18. Qd3 Qxd3 19. cxd3 Re8 20. Kf1 Kd7 21. Rc1 c5 22. g3 Kc6 23. f4 Kd5 24. Kf2 b5 25. b3 Bc7 26. Kf3 a5 27. g4 a4 28. bxa4 c4 29. axb5 c3 30. Bxc3 dxc3 31. Rxc3 Bb6 32. f5 Kd4 33. Rc6 Bc5 34. Rc7 Re3+ 35. Kg2 Re2+ 36. Kf3 Rxa2 37. Rd7+ Kc3 38. Rxg7 Kxd3 39. g5 Rf2+ 40. Kg4 Ke4 41. f6 Rg2+ 42. Kh5 Kf5 43. h4 Rh2 44. Rd7 Bf2 45. Kh6 Rxh4+ 46. Kg7 Kxg5 47. Rd5+ Kg4 48. f7 1-0


[Site "https://www.chess.com"]

[Event "Titled Tuesday Blitz April 25 Late 2023"]
[White "Aggelis, Nikolaos"]
[Black "Stanisz, Patryk"]
[WhiteFideId "4213220"]
[BlackFideId "1123106"]
[WhiteElo "2189"]
[BlackElo "2069"]
[Result "1-0"]
[Round "07"]
[TimeControl "180+2"]
[Date "2023.04.25"]
[WhiteClock "0:00:45"]
[BlackClock "0:00:08"]

1. c4 c6 2. g3 d5 3. Nf3 dxc4 4. Bg2 Bf5 5. O-O Nf6 6. a4 e6 7. Ne5 Nbd7 8. Nxc4 a5 9. Nc3 Be7 10. d3 O-O 11. Bf4 Nb6 12. Qb3 Nxc4 13. dxc4 Bb4 14. Rfd1 Qe7 15. Na2 e5 16. Bg5 Bc5 17. Be3 Bd6 18. Rac1 Ng4 19. Bb6 Bc5 20. e3 Rab8 21. Bxa5 e4 22. Bc3 Rfd8 23. h3 Ne5 24. Bxe5 Qxe5 25. Qc3 Qe6 26. b4 Bd6 27. a5 Bxh3 28. Qc2 Bxg2 29. Kxg2 Qg4 30. Rd4 Qf3+ 31. Kh2 Qh5+ 32. Kg1 f5 33. Qd1 Be7 34. Rxd8+ Qe8 35. Rxe8+ Rxe8 36. Qd7 1-0


[Site "https://www.chess.com"]

[Event "Titled Tuesday Blitz April 25 Late 2023"]
[White "Jaskolka, Tomasz"]
[Black "Smith, Garrett L"]
[WhiteFideId "1170791"]
[BlackFideId "2024829"]
[WhiteElo "2155"]
[BlackElo "2047"]
[Result "1-0"]
[Round "07"]
[TimeControl "180+2"]
[Date "2023.04.25"]
[WhiteClock "0:01:21"]
[BlackClock "0:00:29"]

1. d4 Nf6 2. c4 g6 3. g3 c6 4. Bg2 d5 5. Nc3 Bg7 6. Nf3 O-O 7. O-O dxc4 8. Ne5 Ng4 9. Nxg4 Bxg4 10. h3 Be6 11. e3 Na6 12. Bd2 Qd7 13. Ne4 Bxh3 14. Qa4 Bxg2 15. Kxg2 Qe6 16. f3 f5 17. Ng5 Qd5 18. e4 Qxd4 19. Bc3 Nc5 20. Qb4 a5 21. Qb6 Qd6 22. Bxg7 Kxg7 23. Qxc5 Qxc5 24. Ne6+ Kg8 25. Nxc5 fxe4 26. Nxe4 Rfd8 27. Rad1 Rd5 28. Nc3 Rc5 29. Rd7 b5 30. Rxe7 b4 31. Ne4 Rf5 32. Rh1 h5 33. Rd1 a4 34. Rdd7 b3 35. a3 Rc8 36. Nd6 Rcf8 37. Rg7+ 1-0


[Site "https://www.chess.com"]

[Event "Titled Tuesday Blitz April 25 Late 2023"]
[White "Florianovitz, Derlei Alex"]
[Black "Petrovic, Aleksa"]
[WhiteFideId "2114178"]
[BlackFideId "967629"]
[WhiteElo "1953"]
[BlackElo "2309"]
[Result "0-1"]
[Round "07"]
[TimeControl "180+2"]
[Date "2023.04.25"]
[WhiteClock "0:00:02"]
[BlackClock "0:00:06"]

1. e4 c6 2. d4 d5 3. exd5 cxd5 4. c4 Nf6 5. Nc3 e6 6. c5 Be7 7. Nf3 O-O 8. Bf4 b6 9. b4 bxc5 10. bxc5 Ne4 11. Nxe4 dxe4 12. Ne5 f6 13. Nc4 Nc6 14. Bd6 Ba6 15. Qa4 Nxd4 16. Rc1 Bxd6 17. Nxd6 Bxf1 18. Kxf1 Nf5 19. Qxe4 Nxd6 20. cxd6 Qxd6 21. g3 Rac8 22. Kg2 Qd5 23. Qxd5 exd5 24. Rhd1 Rxc1 25. Rxc1 Rd8 26. Kf3 Rd7 27. Ke3 Kf7 28. Kd4 Ke6 29. Rc6+ Kf5 30. f3 h5 31. h4 g5 32. hxg5 Kxg5 33. a4 f5 34. a5 f4 35. gxf4+ Kxf4 36. Rh6 Kg5 37. Rh8 Rb7 38. Rg8+ Kf4 39. Rh8 Kg5 40. Rg8+ Kh4 41. Kxd5 Rb5+ 42. Ke6 Rxa5 43. f4 Ra6+ 44. Ke7 Ra5 45. Ke6 Ra6+ 46. Ke7 Ra4 47. f5 Rg4 48. Rh8 Kg5 49. f6 Re4+ 50. Kf7 Rf4 51. Rg8+ Kh6 52. Rg6+ Kh7 53. Rg5 Kh6 54. Rg6+ Kh7 55. Rg5 Rh4 56. Ke6 Kh6 57. Re5 Rf4 58. Rf5 Re4+ 59. Kd7 Rd4+ 60. Kc6 Rd8 61. f7 Rf8 62. Kd7 Kg6 63. Ra5 Rxf7+ 64. Ke6 Rf6+ 65. Ke7 Rf5 66. Rxa7 Kg5 67. Ra8 Kg4 68. Rg8+ Kh3 69. Ke6 Rf1 70. Ke5 h4 71. Ke4 Kh2 72. Ke3 h3 73. Ke2 Rg1 74. Rh8 Rg2+ 75. Kf1 Ra2 76. Rg8 Ra1+ 77. Kf2 Ra3 78. Kf1 Kh1 79. Kf2 h2 80. Kf1 Ra2 81. Rg7 Rb2 82. Rg6 Rb1+ 83. Kf2 Rg1 84. Rh6 Rg2+ 85. Kf3 Kg1 86. Rc6 h1=Q 87. Rc1+ Kh2 88. Rxh1+ Kxh1 0-1


[Site "https://www.chess.com"]

[Event "Titled Tuesday Blitz April 25 Late 2023"]
[White "Meunier-Pion, Jean"]
[Black "Narva, Triin"]
[WhiteFideId "20685327"]
[BlackFideId "4502680"]
[WhiteElo "2124"]
[BlackElo "1944"]
[Result "1-0"]
[Round "07"]
[TimeControl "180+2"]
[Date "2023.04.25"]
[WhiteClock "0:00:16"]
[BlackClock "0:00:18"]

1. e4 d5 2. exd5 Qxd5 3. Nc3 Qd6 4. d4 Nf6 5. Nf3 Nc6 6. Nb5 Qd8 7. Bf4 Nd5 8. Bg3 a6 9. Nc3 Bg4 10. Bc4 Nb6 11. Bxf7+ Kxf7 12. Ng5+ Ke8 13. Qxg4 Qxd4 14. Qe6 Qf6 15. Nce4 Qxe6 16. Nxe6 Kf7 17. Nxc7 Rc8 18. Ng5+ Kg8 19. Nge6 Nd8 20. Nxd8 Rxd8 21. Ne6 Rc8 22. O-O-O g6 23. Rhe1 Bh6+ 24. Kb1 Kf7 25. f4 Rc6 26. Nd4 Rcc8 27. f5 g5 28. Re6 Bg7 29. Rxb6 Rhd8 30. c3 Rd5 31. Rxb7 Bxd4 32. cxd4 Rxf5 33. d5 Kf6 34. Rb6+ Kf7 35. Rxa6 Rc5 36. d6 exd6 37. Raxd6 Rf6 38. Rd7+ Kg6 39. R7d6 Rxd6 40. Rxd6+ Kf7 41. Rd7+ Kg6 42. Rd6+ Kf7 43. a4 Ra5 44. b3 h5 45. Kc2 h4 46. Be1 Rc5+ 47. Bc3 Rf5 48. Rf6+ Rxf6 49. Bxf6 Kxf6 50. Kd3 Kf5 51. Ke3 Kg4 52. a5 Kh5 53. a6 g4 54. a7 h3 55. g3 Kg5 56. a8=Q 1-0


[Site "https://www.chess.com"]

[Event "Titled Tuesday Blitz April 25 Late 2023"]
[White "Sailer, Mike"]
[Black "Moral Garcia, Serafin"]
[WhiteFideId "2012901"]
[BlackFideId "2201925"]
[WhiteElo "2109"]
[BlackElo "2274"]
[Result "0-1"]
[Round "07"]
[TimeControl "180+2"]
[Date "2023.04.25"]
[WhiteClock "0:00:19"]
[BlackClock "0:01:28"]

1. d4 Nf6 2. Bg5 d5 3. Bxf6 exf6 4. e3 Bd6 5. c4 dxc4 6. Bxc4 Nd7 7. Nf3 f5 8. Nc3 c6 9. O-O Nf6 10. Qb3 O-O 11. Rfd1 Qe7 12. a4 Ne4 13. a5 Rb8 14. d5 Bd7 15. Nxe4 fxe4 16. Nd2 Bg4 17. Rdc1 c5 18. Nf1 f5 19. a6 b6 20. Qc2 Rf6 21. Be2 Rg6 22. Bxg4 Rxg4 23. Qe2 Rf8 24. b4 Rf6 25. bxc5 Bxc5 26. Rab1 Qe5 27. Rxc5 bxc5 28. Rb8+ Qxb8 0-1


[Site "https://www.chess.com"]

[Event "Titled Tuesday Blitz April 25 Late 2023"]
[White "Preotu, Razvan"]
[Black "Romero Ruscalleda, Josep"]
[WhiteFideId "2613280"]
[BlackFideId "2231859"]
[WhiteElo "2407"]
[BlackElo "2183"]
[Result "1-0"]
[Round "07"]
[TimeControl "180+2"]
[Date "2023.04.25"]
[WhiteClock "0:00:58"]
[BlackClock "0:01:27"]

1. e4 g6 2. d4 Bg7 3. Nc3 d6 4. Be3 a6 5. Qd2 b5 6. O-O-O Bb7 7. f3 Nd7 8. h4 h5 9. Nh3 Rc8 10. Ng5 Ngf6 11. e5 Nd5 12. e6 O-O 13. exd7 Qxd7 14. Nxd5 Bxd5 15. Kb1 Qc6 16. Bd3 Qb7 17. g4 Bxf3 18. Nxf3 Qxf3 19. Be2 Qf6 20. gxh5 c5 21. Bg4 Rc7 22. Rdf1 1-0


[Site "https://www.chess.com"]

[Event "Titled Tuesday Blitz April 25 Late 2023"]
[White "Leenhouts, Koen"]
[Black "Novikova, Galina"]
[WhiteFideId "1008439"]
[BlackFideId "4157095"]
[WhiteElo "2409"]
[BlackElo "1953"]
[Result "1-0"]
[Round "07"]
[TimeControl "180+2"]
[Date "2023.04.25"]
[WhiteClock "0:00:34"]
[BlackClock "0:00:02"]

1. e4 e6 2. d3 d5 3. Nd2 Nf6 4. Ngf3 g6 5. e5 Nfd7 6. d4 Bg7 7. h4 c5 8. c3 Nc6 9. h5 f6 10. h6 Bf8 11. exf6 Qxf6 12. Bd3 cxd4 13. cxd4 Nxd4 14. Nxd4 Qxd4 15. Nf3 Bb4+ 16. Kf1 Qf6 17. Bg5 Qf7 18. Qa4 Bd6 19. Re1 O-O 20. Rh4 e5 21. Bc2 Nc5 22. Qb5 e4 23. Re3 exf3 24. Rxf3 Qe6 25. Rxf8+ Bxf8 26. b4 a6 27. Qa5 b6 28. Qa3 Ne4 29. Rxe4 Qf5 30. Rf4 Qxg5 31. Qf3 Bf5 32. Bxf5 gxf5 33. Qxd5+ Kh8 34. Qxa8 Qxf4 35. Qxf8# 1-0


[Site "https://www.chess.com"]

[Event "Titled Tuesday Blitz April 25 Late 2023"]
[White "Martic, Ivan"]
[Black "Schuster, Karsten"]
[WhiteFideId "929301"]
[BlackFideId "4611071"]
[WhiteElo "2360"]
[BlackElo "2294"]
[Result "1-0"]
[Round "07"]
[TimeControl "180+2"]
[Date "2023.04.25"]
[WhiteClock "0:01:02"]
[BlackClock "0:01:03"]

1. d4 d5 2. c4 e6 3. Nc3 Nf6 4. Bg5 Be7 5. e3 O-O 6. Nf3 c6 7. Rc1 Nbd7 8. Bd3 h6 9. Bh4 b6 10. O-O Bb7 11. cxd5 Nxd5 12. Bxe7 Qxe7 13. e4 Nxc3 14. bxc3 c5 15. Qe2 Rac8 16. e5 Rc7 17. Bb1 Rfc8 18. Rcd1 cxd4 19. cxd4 Rc3 20. Be4 Bxe4 21. Qxe4 Nf8 22. d5 exd5 23. Rxd5 Rc1 24. g3 Rxf1+ 25. Kxf1 Qa3 26. Nd4 Qxa2 27. Nf5 Qa3 28. Rd6 Qc1+ 29. Kg2 Qc2 30. Qg4 Ng6 31. Rxg6 fxg6 32. Ne7+ Kf7 33. Nxc8 Qc6+ 34. Kg1 a5 35. Nd6+ Kg8 36. Qc4+ Qxc4 37. Nxc4 Kf7 38. Nxb6 g5 39. f4 gxf4 40. gxf4 Ke6 41. Kf2 g5 42. Kf3 gxf4 43. Kxf4 h5 44. h4 1-0


[Site "https://www.chess.com"]

[Event "Titled Tuesday Blitz April 25 Late 2023"]
[White "Bryant, Todd"]
[Black "Toniutti, Ezio"]
[WhiteFideId "2031299"]
[BlackFideId "113034"]
[WhiteElo "2075"]
[BlackElo "2215"]
[Result "1-0"]
[Round "07"]
[TimeControl "180+2"]
[Date "2023.04.25"]
[WhiteClock "0:00:10"]
[BlackClock "0:00:01"]

1. e4 e5 2. f4 Bc5 3. Nf3 d6 4. Nc3 Nf6 5. Bc4 Nc6 6. d3 Bg4 7. Na4 Bb6 8. Nxb6 axb6 9. c3 Nd7 10. O-O exf4 11. Bxf4 Nde5 12. Bb3 O-O 13. d4 Nxf3+ 14. gxf3 Bh3 15. Rf2 Kh8 16. Kh1 f5 17. Qd2 Qh4 18. Bg3 Qh5 19. Rg1 Ne7 20. e5 Ng6 21. exd6 f4 22. dxc7 fxg3 23. Rxg3 Rae8 24. d5 Nf4 25. d6 Bd7 26. Bc2 Qe5 27. Be4 Rf6 28. Rf1 Ne6 29. Rfg1 g6 30. Qh6 Ref8 31. Rh3 R6f7 32. Bxg6 Rg7 33. Bxh7 Qf4 34. Bf5+ Qxh6 35. Rxh6+ Kg8 36. Bxe6+ Bxe6 37. Rxe6 Rxg1+ 38. Kxg1 1-0


[Site "https://www.chess.com"]

[Event "Titled Tuesday Blitz April 25 Late 2023"]
[White "Omelja, Artem"]
[Black "Ardila, Oscar Humberto"]
[WhiteFideId "14119846"]
[BlackFideId "4404742"]
[WhiteElo "2404"]
[BlackElo "1918"]
[Result "0-1"]
[Round "07"]
[TimeControl "180+2"]
[Date "2023.04.25"]
[WhiteClock "0:00:01"]
[BlackClock "0:00:05"]

1. e4 e5 2. Nf3 Nf6 3. Nxe5 d6 4. Nf3 Nxe4 5. d4 Be7 6. Bd3 Nf6 7. O-O Bg4 8. h3 Bh5 9. c4 O-O 10. Nc3 Nc6 11. Be2 Re8 12. Be3 Bf8 13. Rc1 Ne4 14. Nd5 Ne7 15. Nf4 Bg6 16. Nxg6 Nxg6 17. Qc2 c6 18. d5 cxd5 19. cxd5 Ng3 20. fxg3 Rxe3 21. Kh2 Qe7 22. Bb5 a6 23. Bd3 Re8 24. Bxg6 hxg6 25. Qc7 Re2 26. Qxe7 R8xe7 27. Rc8 Re8 28. Rfc1 f6 29. Rxe8 Rxe8 30. Rc7 Re7 31. Rxe7 Bxe7 32. Kg1 f5 33. g4 Bf6 34. b3 Kf7 35. g5 Bd8 36. Kf2 Ke8 37. Ke2 Kd7 38. Kd3 Ke8 39. Kc4 Kd7 40. h4 b5+ 41. Kd3 Bb6 42. a4 Bf2 43. axb5 axb5 44. Nd2 Bxh4 45. Nf3 Bf2 46. Ke2 Bc5 47. Kd3 Kc7 48. Kc3 Kb6 49. b4 Be3 50. Kd3 Bc1 51. Kc2 Be3 52. Kd3 Bc1 53. Kc2 Bf4 54. Kd3 Kc7 55. Nd4 Kb6 56. Ne6 Bc1 57. Nxg7 Bxg5 58. Ne8 Bf4 59. Nf6 Be5 60. Ne8 Kb7 61. g4 fxg4 62. Ke3 g3 63. Kf3 Kc8 0-1


[Site "https://www.chess.com"]

[Event "Titled Tuesday Blitz April 25 Late 2023"]
[White "Lopez Gracia, Fernando"]
[Black "De Souza, Cristiano Gomes"]
[WhiteFideId "2207184"]
[BlackFideId "2151758"]
[WhiteElo "2255"]
[BlackElo "2068"]
[Result "1-0"]
[Round "07"]
[TimeControl "180+2"]
[Date "2023.04.25"]
[WhiteClock "0:02:42"]
[BlackClock "0:01:41"]

1. Nf3 Nf6 2. g3 g6 3. Bg2 Bg7 4. O-O O-O 5. c4 d5 6. cxd5 Nxd5 7. Nc3 Nb6 8. Qc2 Nc6 9. d3 h6 10. a3 Be6 11. Bd2 Rc8 12. Rac1 Qd7 13. Rfd1 Bh3 14. Bh1 Kh7 15. b4 a6 16. Ne4 Rb8 17. Nc5 Qc8 18. Nxb7 Nxb4 19. Bxb4 Qxb7 20. Ng5+ hxg5 21. Bxb7 Rxb7 22. Bxe7 Re8 23. Bxg5 Nd5 24. Qc6 1-0


[Site "https://www.chess.com"]

[Event "Titled Tuesday Blitz April 25 Late 2023"]
[White "Bogaudinov, Rushan"]
[Black "Seletsky, Grigory"]
[WhiteFideId "4129288"]
[BlackFideId "14112191"]
[WhiteElo "1967"]
[BlackElo "2490"]
[Result "1-0"]
[Round "07"]
[TimeControl "180+2"]
[Date "2023.04.25"]
[WhiteClock "0:00:17"]
[BlackClock "0:00:07"]

1. d4 Nf6 2. c4 d6 3. Nc3 e5 4. e3 Nc6 5. Nf3 Bd7 6. Be2 g6 7. Rb1 a5 8. O-O Bg7 9. a3 Bf5 10. Ra1 O-O 11. b3 exd4 12. exd4 Re8 13. Bb2 Ne4 14. Nd5 Ne7 15. Ne3 Bd7 16. Ra2 Nf5 17. Nxf5 Bxf5 18. Re1 c6 19. Bd3 d5 20. c5 Qf6 21. Ne5 h5 22. f3 Ng5 23. Qc2 Bxd3 24. Qxd3 Ne6 25. Raa1 Qg5 26. Bc1 Qf6 27. Bb2 Nf4 28. Qf1 Qf5 29. Rad1 Ne6 30. Qd3 Qxd3 31. Rxd3 Nf4 32. Rd2 Re7 33. Kf2 Rae8 34. g3 Nh3+ 35. Kf1 f6 36. Nd3 Rxe1+ 37. Nxe1 Ng5 38. Re2 Rxe2 39. Kxe2 Kf7 40. h4 Ne6 41. Kd3 f5 42. Bc3 Nxc5+ 43. dxc5 Bf8 44. b4 axb4 45. axb4 Be7 46. Nc2 g5 47. hxg5 Bxg5 48. f4 Bd8 49. Be1 Bf6 50. Bf2 Kg6 51. Nd4 Bd8 52. b5 cxb5 53. Nxb5 Be7 54. Nc3 d4 55. Kxd4 h4 56. gxh4 Kh5 57. Ke5 Kg4 58. Nd5 Bxc5 59. Bxc5 Kxh4 60. Kxf5 1-0


[Site "https://www.chess.com"]

[Event "Titled Tuesday Blitz April 25 Late 2023"]
[White "Albuquerque Junior,Wellington S."]
[Black "Pinto, Daniel"]
[WhiteFideId "2151480"]
[BlackFideId "3303144"]
[WhiteElo "2109"]
[BlackElo "2145"]
[Result "1-0"]
[Round "07"]
[TimeControl "180+2"]
[Date "2023.04.25"]
[WhiteClock "0:00:20"]
[BlackClock "0:00:01"]

1. c4 c5 2. g3 Nc6 3. Bg2 g6 4. Nc3 Bg7 5. e4 e5 6. d3 Nge7 7. Nge2 O-O 8. O-O d6 9. Rb1 a5 10. a3 f5 11. Nd5 Nxd5 12. cxd5 Ne7 13. b4 cxb4 14. axb4 a4 15. b5 Bd7 16. Ba3 Qb6 17. Nc3 Qd4 18. Ne2 Qb6 19. Nc3 Rfc8 20. Nxa4 Qa5 21. Bxd6 Nxd5 22. exf5 Nb6 23. Nc5 Bxf5 24. Nxb7 Qc3 25. Rc1 Qxd3 26. Nc5 Qxd1 27. Rfxd1 Ra5 28. Bc6 e4 29. Nb7 Ra2 30. Bc5 Na4 31. Bd4 1-0


[Site "https://www.chess.com"]

[Event "Titled Tuesday Blitz April 25 Late 2023"]
[White "Prieto Aranguren, Alain"]
[Black "Fernandez Siles, Luis"]
[WhiteFideId "2268906"]
[BlackFideId "2209420"]
[WhiteElo "2209"]
[BlackElo "2195"]
[Result "1-0"]
[Round "07"]
[TimeControl "180+2"]
[Date "2023.04.25"]
[WhiteClock "0:00:14"]
[BlackClock "0:00:45"]

1. d4 Nf6 2. c4 g6 3. Nc3 Bg7 4. e4 d6 5. Be2 O-O 6. Nf3 c5 7. d5 e6 8. O-O exd5 9. exd5 Bg4 10. h3 Bxf3 11. Bxf3 a6 12. a4 Nbd7 13. Re1 Re8 14. Bf4 Rxe1+ 15. Qxe1 Ne8 16. Qd2 Ne5 17. Be2 f5 18. Re1 Nc7 19. Bg5 Bf6 20. Bxf6 Qxf6 21. Bf1 f4 22. Ne4 Qf8 23. f3 Ne8 24. Bd3 Ng7 25. Ng5 Qf6 26. Ne4 Qh4 27. Qf2 Qe7 28. Bf1 Rf8 29. Qe2 Re8 30. b3 Nf5 31. Qb2 Nd4 32. Kh1 Qh4 33. Rd1 Qe7 34. b4 b6 35. bxc5 bxc5 36. Qb6 Nf5 37. Qxa6 Ne3 38. Re1 Nxf1 39. Rxf1 Nd3 40. Qxd6 Qh4 41. Nf6+ Kf7 42. Nxe8 1-0


[Site "https://www.chess.com"]

[Event "Titled Tuesday Blitz April 25 Late 2023"]
[White "Prydun, Andriy"]
[Black "Garmash, Aliona"]
[WhiteFideId "14145898"]
[BlackFideId "34127620"]
[WhiteElo "2164"]
[BlackElo "1959"]
[Result "0-1"]
[Round "07"]
[TimeControl "180+2"]
[Date "2023.04.25"]
[WhiteClock "0:00:01"]
[BlackClock "0:00:16"]

1. e4 g6 2. d4 Bg7 3. Nc3 d6 4. Be3 a6 5. a4 Nd7 6. Nge2 Ngf6 7. h3 e6 8. g3 O-O 9. Bg2 Qe7 10. O-O c5 11. d5 Rb8 12. a5 Ne5 13. b3 exd5 14. exd5 Qc7 15. g4 Ne8 16. Qd2 f5 17. f4 Nf7 18. g5 h6 19. h4 h5 20. Rfb1 b6 21. b4 bxa5 22. bxc5 Rxb1+ 23. Rxb1 dxc5 24. Na4 Ned6 25. Bxc5 Re8 26. Qd3 Bd7 27. Bxd6 Nxd6 28. Nb6 Bb5 29. c4 Qxb6+ 30. Kh2 Re3 31. Qd2 Nxc4 32. Qc1 Rxe2 33. Qxc4 Bxc4 34. Rxb6 Bxd5 35. Rb8+ Kh7 36. Kh3 Bxg2+ 37. Kg3 Be4 38. Kh3 Re3+ 39. Kh2 a4 40. Kg1 a3 41. Kf2 Rf3+ 42. Kg2 a2 43. Kh2 a1=Q 44. Rh8+ Kxh8 0-1


[Site "https://www.chess.com"]

[Event "Titled Tuesday Blitz April 25 Late 2023"]
[White "Alexikov, Alexander"]
[Black "Torres Dominguez, David"]
[WhiteFideId "14103958"]
[BlackFideId "2220857"]
[WhiteElo "2186"]
[BlackElo "1999"]
[Result "1/2-1/2"]
[Round "07"]
[TimeControl "180+2"]
[Date "2023.04.25"]
[WhiteClock "0:00:47"]
[BlackClock "0:01:07"]

1. e4 e5 2. Nf3 Nc6 3. c3 Nf6 4. d4 Nxe4 5. d5 Ne7 6. Nxe5 Ng6 7. Qf3 Qe7 8. Nxg6 hxg6 9. Be3 d6 10. Nd2 Nxd2 11. Kxd2 Qf6 12. Qe4+ Be7 13. Bb5+ Bd7 14. Qa4 Qf5 15. Bxd7+ Qxd7 16. Qxd7+ Kxd7 17. h3 Rae8 18. Rhe1 a6 19. a4 Bf6 20. Kd3 Rh5 21. Kc4 Rh4+ 22. Kb3 Rhe4 23. Red1 R4e5 24. a5 Bg5 25. Bxg5 Rxg5 26. g4 Rge5 27. Rd2 Rh8 28. Rh1 g5 29. c4 Re4 30. Kc3 Rxg4 31. hxg4 Rxh1 32. f3 Rh3 33. Rd3 g6 34. Kd4 f5 35. Re3 fxg4 36. fxg4 Rxe3 37. Kxe3 c5 38. dxc6+ bxc6 39. b4 Kc7 40. Kd4 Kb7 41. Ke4 Kc7 42. Kd4 Kb7 43. Ke4 Kc7 44. Kd4 1/2-1/2


[Site "https://www.chess.com"]

[Event "Titled Tuesday Blitz April 25 Late 2023"]
[White "Rodriguez Santiago, Jaime"]
[Black "Grinev, Valeriy"]
[WhiteFideId "3100898"]
[BlackFideId "14117517"]
[WhiteElo "2025"]
[BlackElo "2366"]
[Result "1-0"]
[Round "07"]
[TimeControl "180+2"]
[Date "2023.04.25"]
[WhiteClock "0:00:45"]
[BlackClock "0:01:47"]

1. c4 e5 2. Nc3 Nc6 3. g3 g6 4. Bg2 Bg7 5. e4 Nge7 6. d3 O-O 7. Nge2 d6 8. O-O a5 9. Nd5 Nxd5 10. cxd5 Ne7 11. Be3 c5 12. dxc6 bxc6 13. Rc1 c5 14. f4 exf4 15. gxf4 Bxb2 16. Rb1 Bg7 17. f5 Be5 18. f6 Nc6 19. Bg5 Bg4 20. Qd2 Bxe2 21. Qxe2 Nd4 22. Qg4 Rb8 23. Rxb8 Qxb8 24. Qh4 h5 25. Be3 Ne6 26. Bh3 Qb2 27. Rf2 Qxa2 28. Rxa2 1-0


[Site "https://www.chess.com"]

[Event "Titled Tuesday Blitz April 25 Late 2023"]
[White "Szente Varga, Fruzsina"]
[Black "Perske, Thore"]
[WhiteFideId "712264"]
[BlackFideId "12902195"]
[WhiteElo "1994"]
[BlackElo "2336"]
[Result "0-1"]
[Round "07"]
[TimeControl "180+2"]
[Date "2023.04.25"]
[WhiteClock "0:01:40"]
[BlackClock "0:01:33"]

1. e4 c5 2. Nf3 d6 3. d4 cxd4 4. Qxd4 Nc6 5. Bb5 Bd7 6. Qd3 a6 7. Bxc6 Bxc6 8. c4 g6 9. Nc3 Bg7 10. O-O Nf6 11. h3 O-O 12. Nd4 Rc8 13. f4 Qa5 14. Bd2 Qb6 15. Kh1 Bxe4 16. Nxe4 Nxe4 17. Be3 Ng3+ 18. Kg1 Nxf1 19. Rxf1 Qxb2 20. f5 Qxa2 21. Bg5 Qxc4 0-1


[Site "https://www.chess.com"]

[Event "Titled Tuesday Blitz April 25 Late 2023"]
[White "Allahverdiyeva, Ayan"]
[Black "Lorenzo De La Riva, Lazaro"]
[WhiteFideId "13412590"]
[BlackFideId "2268809"]
[WhiteElo "1980"]
[BlackElo "2294"]
[Result "0-1"]
[Round "07"]
[TimeControl "180+2"]
[Date "2023.04.25"]
[WhiteClock "0:00:01"]
[BlackClock "0:01:29"]

1. e4 g6 2. d4 Bg7 3. Nc3 c6 4. f4 d5 5. e5 h5 6. h3 Nh6 7. Nf3 Nf5 8. Bd3 h4 9. Kf2 Ng3 10. Re1 Bf5 11. Nxh4 Bxd3 12. cxd3 Rxh4 13. Kxg3 e6 14. Kf2 Qb6 15. Ne2 c5 16. dxc5 Qxc5+ 17. Be3 Qa5 18. Kg3 Rh5 19. Qb3 Qa6 20. Nd4 Nc6 21. Qb5 Qxb5 22. Nxb5 Kd7 23. Kf3 Bf8 24. Rec1 g5 25. Kg4 Rh7 26. Nd4 gxf4 27. Kxf4 Rh4+ 28. g4 Rxh3 29. Nxc6 bxc6 30. Rh1 Bh6+ 31. g5 Bxg5+ 32. Kxg5 Rxe3 33. Raf1 Ke7 34. Rh7 Rf8 35. d4 Rg3+ 36. Kh4 Rd3 37. Rf4 Rd2 38. Kh5 Rh2+ 0-1


[Site "https://www.chess.com"]

[Event "Titled Tuesday Blitz April 25 Late 2023"]
[White "Aigner, Michael"]
[Black "Zakarian, David"]
[WhiteFideId "2017288"]
[BlackFideId "13301276"]
[WhiteElo "1966"]
[BlackElo "2306"]
[Result "0-1"]
[Round "07"]
[TimeControl "180+2"]
[Date "2023.04.25"]
[WhiteClock "0:00:12"]
[BlackClock "0:00:22"]

1. e4 Nc6 2. d4 d5 3. e5 f6 4. exf6 Nxf6 5. Nf3 Bg4 6. Be2 Bxf3 7. Bxf3 e5 8. dxe5 Nxe5 9. O-O Nxf3+ 10. Qxf3 Be7 11. Nc3 O-O 12. Qe2 c6 13. Qe6+ Rf7 14. Bg5 h6 15. Bh4 Qd6 16. Rae1 Rd8 17. a3 Kf8 18. Re2 Qxe6 19. Rxe6 Nh5 20. Bxe7+ Rxe7 21. Rxe7 Kxe7 22. Re1+ Kd6 23. g3 Nf6 24. f3 Re8 25. Rxe8 Nxe8 26. Kf2 Nf6 27. Ne2 c5 28. Nf4 b5 29. h4 a5 30. g4 d4 31. Ke2 c4 32. h5 b4 33. axb4 axb4 34. Ng2 Ke5 35. Kd2 Nd5 36. b3 c3+ 37. Kd3 Nf4+ 38. Nxf4 Kxf4 39. Kxd4 Kxf3 40. Kc4 Ke3 41. Kxb4 Kd2 42. Ka5 Kxc2 43. b4 Kd3 44. b5 c2 45. b6 c1=Q 46. b7 Qa3+ 0-1


[Site "https://www.chess.com"]

[Event "Titled Tuesday Blitz April 25 Late 2023"]
[White "D`Arruda, Ricardo D."]
[Black "Kostiukov, Alexandr"]
[WhiteFideId "100692"]
[BlackFideId "14108100"]
[WhiteElo "2271"]
[BlackElo "2202"]
[Result "1-0"]
[Round "07"]
[TimeControl "180+2"]
[Date "2023.04.25"]
[WhiteClock "0:00:58"]
[BlackClock "0:00:05"]

1. Nf3 c5 2. e3 g6 3. d4 Bg7 4. c4 Nf6 5. Nc3 O-O 6. Be2 d5 7. O-O cxd4 8. Nxd4 a6 9. b3 dxc4 10. Bxc4 b5 11. Be2 Bb7 12. Bf3 Qb6 13. Bb2 Rd8 14. Bxb7 Qxb7 15. Qf3 Qxf3 16. gxf3 e5 17. Nde2 Rd2 18. Ba3 Nc6 19. Rfd1 Rad8 20. Rxd2 Rxd2 21. Rd1 Rxd1+ 22. Nxd1 Nd5 23. Bb2 Kf8 24. Kf1 Ke8 25. Ke1 Ncb4 26. a3 Nd3+ 27. Kd2 Nxb2 28. Nxb2 e4 29. fxe4 Nf6 30. Nd3 Nxe4+ 31. Kc2 Bf8 32. a4 bxa4 33. bxa4 Kd7 34. Nd4 Bd6 35. h3 h5 36. f3 Nc5 37. Nxc5+ Bxc5 38. Kd3 1-0


[Site "https://www.chess.com"]